Get step-by-step instructions on how to execute this build order below. Start the game timer, and the build order will tick by so you can play in parallel with StarCraft on a second screen or mobile device.

Game Time

  0:00

Last Step

  N/A

Next Step

Upcoming Step



Don't want to look back and forth between 2 screens? Try out our Overwolf App, the Spawning Tool Build Advisor to get an in-game overlay with this build!

Complete Build Order

  8  0:00  Probe (Chrono Boost)  
  9  0:12  Probe (Chrono Boost)  
  10  0:20  Probe (Chrono Boost)  
  11  0:26  Probe  
  12  0:31  Pylon  
  12  0:38  Probe  
  13  0:51  Probe  
  13  0:53  Gateway  
  14  1:03  Probe (Chrono Boost)  
  15  1:05  Assimilator  
  16  1:12  Probe (Chrono Boost)  
  16  1:15  Assimilator  
  16  1:17  Probe (Chrono Boost)  
  17  1:29  Probe  
  17  1:30  Pylon  
  18  1:41  Cybernetics Core  
  18  1:45  Probe  
  19  1:57  Probe  
  20  2:10  Probe  
  20  2:14  Adept (Chrono Boost)  
  21  2:19  Stargate  
  21  2:22  Probe  
  24  2:29  Shield Battery  
  24  2:40  Probe  
  27  2:58  Nexus  
  25  2:59  Pylon  
  25  3:13  Oracle (Chrono Boost)  
  25  3:19  Probe  
  29  3:31  Probe  
  30  3:43  Probe, Oracle  
  30  3:47  Warp Gate  
  34  3:49  Gateway  
  35  3:55  Probe  
  35  3:56  Stalker  
  35  3:59  Pylon  
  38  4:10  Probe  
  38  4:15  Probe  
  39  4:22  Probe  
  39  4:27  Probe  
  39  4:34  Probe (Chrono Boost)  
  39  4:36  Stalker x2  
  44  4:39  Twilight Council  
  44  4:43  Probe (Chrono Boost)  
  46  4:46  Probe (Chrono Boost)  
  47  4:53  Probe (Chrono Boost)  
  47  4:54  Probe (Chrono Boost)  
  48  5:00  Probe  
  48  5:03  Probe  
  48  5:04  Pylon  
  48  5:06  Stalker  
  52  5:08  Blink (Chrono Boost)  
  52  5:12  Probe  
  53  5:15  Probe  
  56  5:27  Probe, Stalker  
  55  5:31  Gateway  
  55  5:32  Gateway  
  55  5:33  Stalker  
  57  5:40  Probe  
  57  5:41  Probe  
  59  5:43  Stalker  
  59  5:45  Pylon  
  59  5:49  Assimilator  
  61  5:51  Stalker  
  63  6:00  Stalker  
  65  6:05  Probe x2  
  65  6:07  Stalker  
  66  6:20  Stalker x2  
  66  6:22  Stalker  
  69  6:25  Stalker  
  71  6:37  Nexus  
  73  6:40  Pylon  
  73  6:46  Pylon  
  71  6:50  Robotics Facility  
  71  6:53  Stalker  
  73  7:03  Probe x2, Pylon  
  73  7:06  Pylon  
  73  7:07  Stalker  
  77  7:10  Stalker  
  77  7:15  Probe x2  
  81  7:17  Pylon  
  81  7:27  Probe x2  
  81  7:35  Charge (Chrono Boost), Forge  
  81  7:37  Robotics Bay  
  81  7:39  Probe x2  
  83  7:46  Shield Battery  
  83  7:51  Zealot x2  
  89  7:53  Probe (Chrono Boost)  
  89  7:54  Probe x2 (Chrono Boost)  
  90  8:04  Probe (Chrono Boost)  
  88  8:07  Probe (Chrono Boost)  
  88  8:08  Zealot x2  
  88  8:09  Probe (Chrono Boost)  
  88  8:12  Gateway  
  93  8:14  Gateway  
  93  8:22  Probe x2  
  93  8:24  Disruptor (Chrono Boost)  
  97  8:31  Robotics Facility, Probe  
  98  8:34  Stalker x4, Probe  
  98  8:40  Probe  
  106  8:43  Probe  
  106  8:45  Protoss Ground Armor Level 1 (Chrono Boost)  
  107  8:52  Probe x2, Nexus  
  109  8:56  Pylon  
  109  8:57  Probe  
  109  8:59  Disruptor (Chrono Boost)  
  109  9:02  Assimilator  
  114  9:03  Pylon  
  114  9:05  Probe x2  
  114  9:08  Pylon  
  116  9:18  Disruptor (Chrono Boost)  
  116  9:21  Probe x2  
  112  9:26  Zealot x4  
  112  9:27  Probe  
  112  9:29  Shield Battery  
  121  9:31  Photon Cannon  
  121  9:33  Probe  
  121  9:34  Probe, Disruptor (Chrono Boost)  
  121  9:35  Pylon  
  121  9:36  Pylon  
  127  9:41  Gateway  
  127  9:42  Gateway  
  127  9:47  Probe x2  
  127  9:51  Zealot x2  
  127  9:52  Zealot  
  135  9:53  Disruptor (Chrono Boost)  
  135  9:59  Probe x2  
  141  10:05  Disruptor (Chrono Boost)  
  145  10:10  Pylon  
  141  10:20  Disruptor (Chrono Boost)  
  115  10:25  Stalker, Zealot x2  
  115  10:26  Zealot x3  
  115  10:27  Probe x2  
  115  10:28  Probe  
  120  10:39  Protoss Ground Weapons Level 1 (Chrono Boost)  
  120  10:40  Pylon, Disruptor (Chrono Boost)  
  124  10:46  Zealot x2  
  124  10:48  Pylon  
  128  10:54  Forge  
  128  10:55  Pylon x2  
  128  10:56  Assimilator, Nexus  
  128  10:57  Pylon  
  128  11:01  Probe x4, Zealot x4  
  140  11:05  Zealot x2  
  140  11:08  Disruptor  
  148  11:16  Probe x3  
  151  11:19  Gateway x2  
  151  11:20  Pylon  
  141  11:27  Disruptor  
  133  11:35  Stalker  
  133  11:36  Zealot x7, Protoss Ground Armor Level 2 (Chrono Boost)  
  147  11:42  Pylon  
  147  11:54  Gateway  
  147  11:55  Gateway  
  147  11:57  Pylon x2  
  147  12:00  Stalker x3  
  147  12:01  Stalker, Zealot x2  
  157  12:02  Sentry  
  139  12:25  Stalker x7  
  133  12:33  Zealot  
  109  12:40  Disruptor (Chrono Boost)  
  113  12:45  Probe, Zealot  
  113  12:46  Pylon  
  113  12:47  Zealot x7  
  113  12:48  Probe x2  
  113  12:49  Assimilator  
  113  12:50  Probe  
  133  12:52  Stalker  
  133  12:55  Disruptor  
  139  13:01  Zealot, Protoss Ground Weapons Level 2 (Chrono Boost)  
  139  13:03  Pylon, Nexus  
  139  13:04  Zealot x2  
  145  13:06  Pylon  
  145  13:10  Probe x3  
  145  13:12  Pylon  
  148  13:15  Stalker x2  
  148  13:16  Zealot x3  
  148  13:19  Zealot x2  
  162  13:22  Pylon  
  162  13:24  Disruptor (Chrono Boost)  
  166  13:30  Zealot x4  
  154  13:55  Probe  
  154  13:56  Colossus x2 (Chrono Boost), Stalker x2  
  154  13:57  Zealot x10  
  154  13:58  Protoss Ground Armor Level 3 (Chrono Boost)  
  185  14:03  Pylon  
  185  14:06  Pylon  
  185  14:08  Photon Cannon  
  185  14:11  Shield Battery  
  185  14:15  Gateway x2  
  185  14:21  Zealot  
  137  14:39  Colossus (Chrono Boost)  
  137  14:40  Stalker x5  
  137  14:41  Zealot x6, Colossus (Chrono Boost)  
  163  14:49  Assimilator  
  167  15:01  Zealot  
  167  15:05  Sentry x2, Zealot x9  
  167  15:06  Protoss Ground Weapons Level 3 (Chrono Boost)  
  191  15:19  Pylon  
  191  15:26  Stalker, Zealot x2  
  191  15:27  Zealot  
  199  15:31  Gateway  
  199  15:32  Gateway  
  199  15:34  Pylon  
  199  15:49  Nexus  
  191  15:51  Pylon  
  167  16:01  Colossus x2 (Chrono Boost)  
  167  16:03  Stalker, Zealot x11  
  163  16:10  Sentry  
  163  16:11  Stalker  
  139  16:12  Probe x3  
  139  16:13  Probe  
  143  16:25  Stalker x7  
  147  16:26  Zealot x5  
  167  16:35  Zealot x2  
  171  16:40  Disruptor x2 (Chrono Boost)  
  173  16:48  Nexus  
  173  16:49  Zealot x4  
  161  16:59  Sentry, Stalker x3, Zealot x3  
  157  17:02  Probe x2  
  157  17:04  Probe x3  
  157  17:08  Sentry, Stalker x2  
  168  17:11  Disruptor x2 (Chrono Boost)  
  168  17:14  Zealot x4  
  184  17:22  Stalker, Zealot x3  
  192  17:33  Stalker, Zealot x3  
  190  18:02  Stalker x4, Zealot x6  
  198  18:08  Assimilator  
  198  18:10  Gateway  
  198  18:12  Gateway  
  198  18:15  Templar Archives, Stalker  
  198  18:18  Assimilator  
  194  18:22  Assimilator  
  194  18:25  Zealot x3  
  200  18:29  Gateway, Assimilator  
  200  18:31  Gateway  
  192  18:36  Zealot x4  
  200  18:41  Psionic Storm  
  200  18:54  Disruptor x2 (Chrono Boost)  
  190  18:58  Gateway x2  
  190  19:00  Pylon  
  188  19:03  Pylon  
  188  19:04  Assimilator  
  188  19:05  Zealot x6  
  200  19:11  Protoss Shields Level 1 (Chrono Boost)  
  200  19:21  Pylon  
  200  19:27  Gateway  
  200  19:30  Gateway  
  194  19:33  Pylon  
  179  19:45  Stalker x5  
  179  19:46  Stalker x3, Zealot x2  
  183  20:02  Stalker x3  
  183  20:03  Stalker x5  
  189  20:25  Zealot x12  
  193  20:29  Nexus  
  193  20:31  Pylon  
  193  20:33  Pylon  
  191  20:35  Zealot x4  
  191  20:42  Colossus x2 (Chrono Boost)  
  169  20:56  Stalker  
  151  21:05  Stalker x7, Zealot x4  
  151  21:06  Zealot x3, Stalker x5, Sentry  
  159  21:15  Zealot x3  
  149  21:18  Probe  
  149  21:19  Probe  
  149  21:21  Zealot  
  149  21:28  Disruptor x2  
  149  21:29  High Templar x4, Zealot x8  
  149  21:30  Zealot  
  149  21:31  Stalker, Zealot x6  
  197  21:33  Archon  
  187  21:50  Stalker, Zealot  
  187  21:51  Zealot x2  
  187  21:57  High Templar x8  
  181  22:09  Archon x2  
  181  22:10  High Templar, Zealot x8  
  181  22:14  Probe (Chrono Boost)  
  197  22:16  Probe x2 (Chrono Boost)  
  197  22:17  Probe (Chrono Boost), Zealot  
  197  22:18  Probe x2 (Chrono Boost)  
  200  22:23  Probe (Chrono Boost)  
  200  22:27  Extended Thermal Lance (Chrono Boost)  
  200  22:30  Assimilator  
  200  22:31  Pylon  
  200  22:42  Disruptor  
  190  23:01  Stalker x3, Zealot x2  
  190  23:02  Zealot x2  
  152  23:15  Stalker x5  
  152  23:16  Stalker x5, Zealot x7  
  121  23:20  Observer (Chrono Boost)  
  121  23:22  Stalker x2  
  121  23:23  Stalker x7  
  121  23:25  Assimilator  
  121  23:26  High Templar  
  121  23:27  High Templar x4  
  117  23:29  Immortal (Chrono Boost)  
  117  23:31  Archon x2  
  123  23:40  High Templar, Zealot x3  
  131  23:42  Zealot  
  133  23:54  Nexus  
  133  23:57  High Templar x4  
  141  24:13  Probe x2  
  143  24:27  Stalker  
  143  24:28  Stalker x2, Zealot x8  
  143  24:31  High Templar x2  
  169  24:35  Archon  
  169  24:36  Disruptor (Chrono Boost)  
  169  24:38  Disruptor (Chrono Boost)  
  168  24:57  Stalker, Zealot x7  
  184  25:10  Observer (Chrono Boost)  
  167  25:20  Archon  
  167  25:21  Archon  
  155  25:27  Stalker x5  
  155  25:28  Stalker x5, Zealot  
  112  25:57  High Templar x10  
  122  26:05  Archon x3  
  122  26:06  Archon  
  122  26:09  Stalker x3  
  122  26:10  Zealot  
  125  26:32  Zealot x5  
  128  26:49  Zealot  
  128  26:52  Zealot x3